 Dungeon Crawl Stone Soup version 0.20-a0-204-ge9bc5e3 (webtiles) character file.

53 Jraekied the Skirmisher (level 3, 0/30 HPs)
             Began as a Demonspawn Monk on Nov 24, 2016.
             Slain by Grinder (5 damage)
             ... on level 3 of the Dungeon.
             The game lasted 00:04:17 (1078 turns).

Jraekied the Skirmisher (Demonspawn Monk)           Turns: 1078, Time: 00:04:19

Health: 0/30       AC:  5    Str: 14    XL:     3   Next: 62%
Magic:  0/3        EV: 11    Int: 11    God:
Gold:   125        SH:  0    Dex: 15    Spells: 2/2 levels left

rFire  . . .     SeeInvis .     a - +0 hand axe
rCold  . . .     Gourm    .     d - +0 ring mail
rNeg   . . .     Faith    .     (no shield)
rPois  .         Spirit   +     (no helmet)
rElec  .         Reflect  .     (no cloak)
rCorr  .         Harm     .     (no gloves)
MR     .....                    (no boots)
Stlth  +.........               s - amulet of guardian spirit
                                (no ring)
                                g - +2 ring of strength

@: no status effects
A: talons 1
a: no special abilities


You were on level 3 of the Dungeon.
You were hungry.

You visited 1 branch of the dungeon, and saw 3 of its levels.

You collected 125 gold pieces.

Inventory:

Hand Weapons
 a - a +0 hand axe (weapon)
Armour
 b - a +0 robe
 d - a +0 ring mail (worn)
Jewellery
 e - an uncursed amulet of magic regeneration
 g - a +2 ring of strength (left hand)
 h - an uncursed amulet of faith
 s - an amulet of guardian spirit (around neck)
 x - an uncursed ring of positive energy {unknown}
Scrolls
 i - a scroll of random uselessness {unknown}
 j - a scroll of magic mapping {unknown}
 k - 2 scrolls of fear {unknown}
 l - 4 scrolls of enchant armour {unknown}
 t - 2 scrolls of blinking {unknown}
 v - a scroll of amnesia {unknown}
Potions
 o - a potion of degeneration {unknown}
 p - a potion of cancellation {unknown}
 u - a potion of beneficial mutation {unknown}
 w - a potion of mutation {unknown}
Books
 n - a book of Changes

   Spells                             Type                      Level
   a - Beastly Appendage              Transmutation                1
   b - Sticks to Snakes               Transmutation                2
   c - Spider Form                    Transmutation/Poison         3
   d - Ice Form                       Ice/Transmutation            4
   e - Blade Hands                    Transmutation                5
 q - a book of Minor Magic

   Spells                             Type                      Level
   a - Magic Dart                     Conjuration                  1
   b - Blink                          Translocation                2
   c - Call Imp                       Summoning                    2
   d - Repel Missiles                 Charms/Air                   2
   e - Slow                           Hexes                        2
   f - Conjure Flame                  Conjuration/Fire             3
   g - Mephitic Cloud                 Conjuration/Poison/Air       3
Comestibles
 c - 3 bread rations
 f - 2 beef jerkies
 r - a slice of pizza


   Skills:
 + Level 4.0 Fighting
 + Level 3.3 Axes
 - Level 2.6 Dodging
 - Level 1.7 Stealth


You had 2 spell levels left.
You didn't know any spells.

Dungeon Overview and Level Annotations

Branches:
Dungeon (3/15)

Altars:

Annotations:
D:3 Grinder


Innate Abilities, Weirdness & Mutations

You have sharp toenails.


Message History

The orc barely misses you. Grinder hits you.
You writhe in agony.
* * * LOW HITPOINT WARNING * * *
You are too injured to fight recklessly!
You are too injured to fight recklessly!
You are too injured to fight recklessly!
Unknown command.
You feel much better. The orc barely misses you. Grinder hits you.
You writhe in agony.
You hit Grinder. Your kick misses Grinder.
Grinder is heavily wounded.
You barely miss the orc. The orc closely misses you. Grinder hits you.
You writhe in agony.
You closely miss Grinder. Your kick misses Grinder.
Grinder is heavily wounded.
You hit the orc.
You kill the orc!
Grinder hits you!
* * * LOW HITPOINT WARNING * * *
You writhe in agony.
You die...

!.. >.... .. ... ...
... .. ... #.... ..
.!..#.. .###5#...
..#.#.# . #[#)..# . ..
#@#..# ... ##.5.####
#...###.......######
#...#.#..##......######
#.........####.......
##..#...#.## ##......
#..#.......###.......
#.##.#..#...........†
#. #.#..##...........


You could see Grinder.

Vanquished Creatures
  An adder (D:2)
  A worm (D:2)
  3 dart slugs
  2 leopard geckos (D:1)
  An orc (D:3)
  2 ball pythons
  A giant cockroach (D:1)
  8 goblins
  2 hobgoblins
  5 bats
  A frilled lizard (D:1)
  A kobold (D:3)
  3 rats
31 creatures vanquished.

Notes
Turn   | Place    | Note
-------+----------+-------------------------------------------
     0 | D:1      | Jraekied the Demonspawn Monk began the quest for the Orb.
     0 | D:1      | Reached XP level 1. HP: 18/18 MP: 1/1
    97 | D:1      | Gained mutation: You have sharp toenails. [demonic ancestry]
    97 | D:1      | Reached XP level 2. HP: 17/24 MP: 2/2
   558 | D:2      | Reached XP level 3. HP: 24/30 MP: 3/3
   960 | D:3      | Reached skill level 4 in Fighting
   986 | D:3      | Noticed Grinder
  1011 | D:3      | Paralysed by Grinder for 3 turns
  1027 | D:3      | Paralysed by Grinder for 4 turns
  1078 | D:3      | Slain by Grinder

Vault maps used:
D:1:      minmay_arrival_checkered_box
D:2:      first_bread, serial_bayou_pond_e
D:3:      minmay_shallow_snake_nest, uniq_grinder

Skill      XL: |  1  2  3 |
---------------+----------+-----
Axes           | 3 |  3.3
Fighting       | 4 |  4.0
Dodging        | |  2.6
Stealth        | |  1.7

Action                   || total
-------------------------++-------
Melee: Hand axe          ||   124
       Kick              ||    25
  Use: Scroll            ||     3
       Potion            ||     1
Armor: Ring mail         ||    29
       Robe              ||     1
       Skin              ||     8
Dodge: Dodged            ||    74
